 Dungeon Crawl Stone Soup version 0.24-a0-479-g9a978d2894 (webtiles) character file.

Game seed: 7592041604517984845

155311 Froggeryz the Brawler (level 17, -27/154 HPs)
             Began as a Minotaur Monk on July 6, 2019.
             Was the Champion of Okawaru.
             Shot with a sling bullet by a satyr (36 damage)
             ... on level 4 of the Shoals on July 7, 2019.
             The game lasted 01:46:13 (33912 turns).

Froggeryz the Brawler (Minotaur Monk)              Turns: 33912, Time: 01:46:14

Health: -27/154    AC:  8    Str: 28    XL:     17   Next: 8%
Magic:  30/30      EV: 22    Int:  7    God:    Okawaru [******]
Gold:   3831       SH:  6    Dex: 17    Spells: 16/16 levels left

rFire    . . .     SeeInvis .     - Unarmed
rCold    + . .     Gourm    .   (no shield)
rNeg     + + +     Faith    .   S - +1 robe of Darkness {rC+ Regen+ Str+5}
rPois    .         Spirit   .   n - +1 hat
rElec    +         Reflect  +   I - scarf {cloud immunity}
rCorr    .         Harm     .   (no gloves)
MR       +....                  X - +2 pair of boots {run}
Stlth    +++++.....             u - amulet "Koreip" {Reflect rElec rF- rN+++ Slay+2 SH+6}
HPRegen  0.75/turn              p - ring of Traps {rElec rN+ MP+9 Str+4}
MPRegen  0.22/turn              x - ring of protection from fire

@: quick
A: retaliatory headbutt, horns 2
a: Heroism, Finesse, Renounce Religion


You were on level 4 of the Shoals.
You worshipped Okawaru.
Okawaru was exalted by your worship.
You were not hungry.

You visited 5 branches of the dungeon, and saw 28 of its levels.
You also visited: Gauntlet.

You collected 4184 gold pieces.
You spent 353 gold pieces at shops.

Inventory:

Hand Weapons
 q - the +6 halberd of Okawaru's Condemnation {protect, Str+2 Dex+4, unknown}
   (Okawaru gifted it to you on level 4 of the Shoals)

   It grants its wielder temporary protection when it strikes (+7 to AC).
   It affects your strength (+2).
   It affects your dexterity (+4).
 s - the +7 dagger "Enlyikh" {freeze, -Tele rElec Dex+6}
   (You found it on level 6 of the Dungeon)

   It has been specially enchanted to freeze those struck by it, causing extra
   injury to most foes and up to half again as much damage against particularly
   susceptible opponents.
   It can also slow down cold-blooded creatures.
   It affects your dexterity (+6).
   It insulates you from electricity.
   It prevents most forms of teleportation.
 R - the +9 hand crossbow of Ylyntauth {elec, rN+ Int-3 Dex+3}
   (You found it in a Gauntlet)

   It charges the ammunition it shoots with electricity; occasionally upon a
   hit, such missiles may discharge and cause terrible harm.
   It affects your intelligence (-3).
   It affects your dexterity (+3).
   It protects you from negative energy.
Missiles
 o - 29 silver javelins (quivered)
Armour
 j - the +2 robe of Untruth {+Inv rElec Int+2 Slay+5}
   (You found it on level 3 of the Shoals)

   It affects your intelligence (+2).
   It affects your accuracy and damage with ranged weapons and melee attacks
   (+5).
   It insulates you from electricity.
   It lets you turn invisible.
 n - a +1 hat (worn)
 v - the +2 pair of gloves of the Manifold Dreams {-Tele rPois rC+ MR+++}
   (Okawaru gifted it to you on level 10 of the Dungeon)

   It protects you from cold.
   It protects you from poison.
   It affects your resistance to hostile enchantments.
   It prevents most forms of teleportation.
 I - a scarf of cloud immunity (worn)
 L - a +0 chain mail of cold resistance
 S - the +1 robe of Darkness (worn) {rC+ Regen+ Str+5}
   (You found it in a Gauntlet)

   It affects your strength (+5).
   It protects you from cold.
   It increases your rate of regeneration.
 X - a +2 pair of boots of running (worn)
Jewellery
 e - an uncursed ring of protection from cold
 g - an uncursed ring of protection from magic
 h - an uncursed amulet of regeneration
 p - the ring of Traps (left hand) {rElec rN+ MP+9 Str+4}
   (You found it on level 13 of the Dungeon)

   [ring of magical power]

   It affects your strength (+4).
   It insulates you from electricity.
   It protects you from negative energy.
   It affects your magic capacity (+9).
 u - the amulet "Koreip" (around neck) {Reflect rElec rF- rN+++ Slay+2 SH+6}
   (You acquired it on level 6 of the Lair of Beasts)

   [amulet of reflection]

   It shields you and reflects attacks.
   It affects your accuracy and damage with ranged weapons and melee attacks
   (+2).
   It makes you vulnerable to fire.
   It insulates you from electricity.
   It renders you almost immune to negative energy.
   It affects your SH (+6).
 x - a ring of protection from fire (right hand)
 C - the amulet "Ucokarob" {Spirit rF++ Dex-2}
   (You found it on level 13 of the Dungeon)

   [amulet of guardian spirit]

   It causes incoming damage to be split between your health and magic.
   It affects your dexterity (-2).
   It greatly protects you from fire.
 F - an uncursed ring of poison resistance
 O - an uncursed ring of positive energy
 Q - the ring of Izexot {rC+ rN+ Str-5 Dex+3}
   (You found it in a Gauntlet)

   [ring of protection from cold]

   It affects your strength (-5).
   It affects your dexterity (+3).
   It protects you from cold.
   It protects you from negative energy.
 T - an uncursed ring of positive energy
 V - an uncursed ring of see invisible
 W - an uncursed ring of flight
Wands
 a - a wand of polymorph (10)
 c - a wand of disintegration (15)
 d - a wand of flame (24)
 f - a wand of digging (1)
 t - a wand of paralysis (3)
 y - a wand of enslavement (16)
 A - a wand of acid (19)
Scrolls
 i - 6 scrolls of teleportation
 k - 3 scrolls of enchant armour
 l - 3 scrolls of enchant weapon
 m - 12 scrolls of remove curse
 B - 5 scrolls of blinking
 P - a scroll of identify
 U - a scroll of brand weapon
 Y - a scroll of fear
 Z - 2 scrolls of magic mapping
Potions
 r - 4 potions of curing
 w - a potion of heal wounds
 z - 3 potions of agility
 D - 2 potions of flight
 E - 3 potions of haste
 G - a potion of resistance
 H - 2 potions of mutation
 J - 2 potions of invisibility
 K - a potion of cancellation
 M - a potion of ambrosia
 N - a potion of brilliance
Comestibles
 b - 46 rations


   Skills:
 + Level 14.9 Fighting
 - Level 1.4 Throwing
 - Level 10.3 Armour
 + Level 12.8 Dodging
 - Level 12.1 Stealth
 - Level 20.1 Unarmed Combat
 - Level 4.0 Invocations
 - Level 7.0 Evocations


You had 16 spell levels left.
You didn't know any spells.
Your spell library contained the following spells:

 Spells                   Type           Power        Failure   Level  Hunger
 Corona                   Hex            #......      43%         1    ##.....
 Freeze                   Ice            #...         43%         1    ##.....
 Magic Dart               Conj           #...         43%         1    ##.....
 Sandblast                Erth           #.....       43%         1    ##.....
 Shock                    Conj/Air       #...         43%         1    ##.....
 Blink                    Tloc           N/A          56%         2    ###....
 Call Imp                 Summ           #.......     56%         2    ###....
 Ensorcelled Hibernation  Hex/Ice        #.....       56%         2    ###....
 Passwall                 Tmut/Erth      #.......     56%         2    ###....
 Searing Ray              Conj           #.....       56%         2    ###....
 Shroud of Golubria       Chrm/Tloc      #.....       56%         2    ###....
 Slow                     Hex            #.......     56%         2    ###....
 Swiftness                Chrm/Air       #.......     56%         2    ###....
 Confuse                  Hex            #.......     80%         3    ####...
 Conjure Flame            Conj/Fire      #.......     80%         3    ####...
 Dazzling Spray           Conj/Hex       #.....       80%         3    ####...
 Inner Flame              Hex/Fire       #.......     80%         3    ####...
 Mephitic Cloud           Conj/Pois/Air  #.......     80%         3    ####...
 Portal Projectile        Hex/Tloc       #.....       80%         3    ####...
 Static Discharge         Conj/Air       #.......     80%         3    ####...
 Stone Arrow              Conj/Erth      #.....       80%         3    ####...
 Tukima's Dance           Hex            #.......     80%         3    ####...
 Airstrike                Air            #.........   99%         4    #####..
 Cause Fear               Hex            #.........   99%         4    #####..
 Force Lance              Conj/Tloc      #.......     99%         4    #####..
 Fulminant Prism          Conj/Hex       #.........   99%         4    #####..
 Iskenderun's Mystic Bla  Conj           #.......     99%         4    #####..
 Leda's Liquefaction      Hex/Erth       #.........   99%         4    #####..
 Passage of Golubria      Tloc           N/A          99%         4    #####..
 Petrify                  Tmut/Erth      #.......     99%         4    #####..
 Lee's Rapid Deconstruct  Erth           #.........   100%        5    ######.
 Lightning Bolt           Conj/Air       #.........   100%        5    ######.
 Metabolic Englaciation   Hex/Ice        #.........   100%        5    ######.
 Bolt of Cold             Conj/Ice       #.........   100%        6    #######
 Darkness                 Hex            #.........   100%        6    #######
 Invisibility             Hex            #.......     100%        6    #######
 Ozocubu's Refrigeration  Ice            #.........   100%        6    #######


Dungeon Overview and Level Annotations

Branches:
Dungeon (15/15)            Temple (1/1) D:7            Lair (6/6) D:9
 Shoals (4/4) Lair:2       Spider (0/4) Lair:3        Slime (0/5) Lair:5
    Orc (2/2) D:12            Elf (0/3) Orc:2        Vaults (0/5) D:13
 Depths (0/5) D:15

Altars:
Dithmenos
Elyvilon
Fedhas
Gozag
Hepliaklqana
Kikubaaqudgha
Makhleb
Nemelex Xobeh
Okawaru
Ru
Trog
Uskayaw
Vehumet
Xom
Yredelemnul
Zin
The Shining One
Beogh
Jiyva

Shops:
D:8 ?   D:11 *   Orc:2 !(:!

Annotations:
D:3 exclusion: oklob plant
D:15 1 runed translucent door, Obof's ghost, journeyman DDNe
Shoals:2 1 runed translucent door
Shoals:3 2 transporters, nocturnal's ghost, adept HaWr


Innate Abilities, Weirdness & Mutations

You reflexively headbutt those who attack you in melee.
You have a pair of horns on your head.


Message History

The merfolk aquamancer casts a spell at you.
The shard of ice misses you.
The merfolk impaler hits you from afar with a +0 trident!!
* * * LOW HITPOINT WARNING * * *
The merfolk aquamancer gestures at you while chanting.
The ball of steam hits you!!
* * * LOW HITPOINT WARNING * * *
Things that are here:
a cursed -1 rapier; a +0 robe; 23 gold pieces Unknown command.
Unknown command.
The merfolk aquamancer gestures at you while chanting.
The ball of steam misses you.
Your surroundings suddenly seem different.
A satyr comes into view. It is wielding a +0 club.
Okay, then.
The satyr shouts!
The satyr unwields a +0 club.
The satyr wields a +0 fustibalus.
The satyr shoots a sling bullet.
The sling bullet hits you!!!
You die...

≈≈≈≈≈≈≈≈≈≈≈≈≈≈≈≈≈.(..[....
≈≈.≈≈≈≈≈≈≈≈≈≈≈≈≈≈.[######.
≈≈≈≈≈≈..≈≈≈≈≈≈≈≈..##≈....#
≈≈≈≈≈....≈≈≈≈≈≈P.##≈...#..
≈........≈≈≈..≈≈P#≈..#≈...
≈.c......≈≈≈..≈≈≈#≈.≈≈≈≈.#
≈........≈..#PP≈≈#≈.≈##≈≈.
≈≈...≈.......P≈≈P#≈..≈#≈#.
≈≈≈######@P....P≈#≈#..≈≈..
≈ ##.P..PP≈##≈#....≈
##.P≈≈P≈≈##≈≈≈≈≈#
#≈P≈P.P≈≈#######
#≈≈P≈PP≈≈≈≈≈≈≈≈≈
#≈≈≈≈P≈≈≈....≈≈≈
#.≈≈≈≈≈P..##..≈≈
#.≈..≈P.....##..
##...P.P.######..


You could see a satyr.

Vanquished Creatures
  Saint Roka (Orc:2)
  Louise (D:15)
  A stone giant (Orc:2)
  A minotaur (Gauntlet)
  3 merfolk javelineers
  Josephine (Orc:1)
  A merfolk impaler (Shoals:1)
  4 vault guards (D:13)
  Harold (D:9)
  The ghost of Gargoyl the Corrupter of Planes, a journeyman CeAK of Lugonu (Lair:2)
  2 merfolk avatars
  The ghost of kaisn the Severer, a journeyman FoFi of Okawaru (D:11)
  7 hydras
  Erolcha (D:10)
  Erica (Lair:1)
  2 ogre magi (Orc:2)
  A queen ant (Gauntlet)
  3 centaur warriors
  3 two-headed ogres
  4 death yaks
  6 merfolk aquamancers (Shoals:4)
  3 tengu warriors
  Nergalle (Orc:1)
  A death drake (shapeshifter) (D:15)
  A deep troll (shapeshifter) (D:15)
  7 sea snakes
  4 unseen horrors
  2 glowing orange brains
  21 harpies
  A harpy (shapeshifter) (D:15)
  8 orc sorcerers (Orc:2)
  3 orc knights
  A lindwurm (Lair:6)
  11 ugly things
  3 fauns (Shoals:2)
  3 deep elf magi
  5 cyclopes
  13 manticores
  14 merfolk sirens
  7 black mambas
  3 centaur zombies
  Maurice (D:10)
  8 elephants (Lair:6)
  5 water nymphs
  A guardian serpent (shapeshifter) (Gauntlet)
  A torpor snail (shapeshifter) (D:15)
  A torpor snail (Lair:5)
  A gargoyle (D:13)
  13 spiny frogs
  An efreet (D:15)
  A hellwing (Gauntlet)
  6 komodo dragons
  3 rime drakes
  21 merfolk
  A jumping spider (Lair:3)
  4 polar bears
  A polar bear (shapeshifter) (Gauntlet)
  Grinder (D:4)
  3 meliai (D:13)
  11 trolls
  4 hornets
  A wolf spider simulacrum (D:15)
  2 dream sheep (Lair:6)
  21 blink frogs
  8 slime creatures
  3 wind drakes
  8 snapping turtles
  18 hippogriffs
  4 shadows
  13 spriggans
  7 wraiths
  A redback (Lair:3)
  9 basilisks
  4 wyverns
  A human (Orc:1)
  6 water elementals
  70 yaks
  A steam dragon (Lair:3)
  3 hungry ghosts
  11 vampire mosquitoes
  5 soldier ants
  6 wargs
  2 acid dragons
  12 water moccasins
  7 porcupines
  A hornet zombie (D:11)
  5 sky beasts
  36 orc warriors
  2 eyes of draining (D:9)
  6 ice beasts
  8 black bears
  5 phantoms
  19 ogres
  9 boggarts
  A necrophage (D:9)
  23 wolves
  15 centaurs
  11 crocodiles
  Blork the orc (D:5)
  10 big kobolds
  14 bullfrogs
  5 gnoll sergeants (D:12)
  2 water moccasin zombies (D:7)
  3 scorpions
  A wyvern skeleton (D:7)
  A killer bee (shapeshifter) (Gauntlet)
  41 killer bees
  4 wights (D:10)
  2 vampire bats
  3 howler monkeys (D:11)
  2 electric eels
  7 crimson imps
  2 bullfrog zombies
  4 hounds
  A quasit (D:11)
  5 centaur skeletons
  7 jellies
  10 orc priests
  4 bullfrog skeletons
  5 hell rats (Lair:4)
  6 iguanas
  39 orc wizards
  18 worker ants
  A hound skeleton (D:7)
  A gnoll (D:12)
  10 adders
  3 shadow imps
  An ooze (D:5)
  An adder zombie (D:7)
  5 worms
  A dart slug (D:1)
  4 leopard geckos
  83 orcs
  2 ball pythons
  17 bats
  2 bat skeletons (D:4)
  4 bat zombies (D:4)
  4 goblins
  8 hobgoblins
  21 jackals
  26 kobolds
  11 quokkas
  A ball python skeleton (D:4)
  9 frilled lizards
  A leopard gecko skeleton (D:4)
  2 quokka skeletons
  8 rats
  5 plants
1038 creatures vanquished.

Vanquished Creatures (collateral kills)
  A queen bee (Lair:2)
  3 killer bees (Lair:2)
4 creatures vanquished.

Vanquished Creatures (others)
  2 harpies (Shoals:4)
  A manticore (Shoals:4)
  A merfolk (Shoals:4)
  A vampire mosquito (D:15)
  9 fungi
  18 plants
32 creatures vanquished.

Grand Total: 1074 creatures vanquished

Notes
Turn   | Place    | Note
-------+----------+-------------------------------------------
     0 | D:1      | Froggeryz the Minotaur Monk began the quest for the Orb.
     0 | D:1      | Reached XP level 1. HP: 19/19 MP: 0/0
   140 | D:1      | Reached XP level 2. HP: 23/27 MP: 1/1
   434 | D:1      | Reached skill level 4 in Unarmed Combat
   901 | D:2      | Reached XP level 3. HP: 28/33 MP: 2/2
  1358 | D:2      | Reached XP level 4. HP: 37/40 MP: 3/3
  1377 | D:2      | Found a glowing golden altar of the Shining One.
  1826 | D:3      | Reached skill level 5 in Unarmed Combat
  2021 | D:3      | Reached XP level 5. HP: 46/46 MP: 4/4
  2199 | D:3      | Found a blossoming altar of Fedhas.
  2229 | D:3      | Noticed an oklob plant
  2756 | D:4      | Reached skill level 6 in Unarmed Combat
  2759 | D:4      | Noticed Grinder
  2771 | D:4      | Killed Grinder
  2771 | D:4      | Reached skill level 7 in Unarmed Combat
  2771 | D:4      | Reached XP level 6. HP: 29/52 MP: 5/5
  3371 | D:4      | Found an ancient bone altar of Kikubaaqudgha.
  3379 | D:4      | Reached XP level 7. HP: 54/59 MP: 6/6
  3547 | D:4      | Reached skill level 8 in Unarmed Combat
  3789 | D:5      | Entered Level 5 of the Dungeon
  3943 | D:5      | Found a radiant altar of Vehumet.
  4155 | D:5      | Noticed Blork the orc
  4165 | D:5      | Killed Blork the orc
  4451 | D:6      | Got a bloodstained dagger
  4452 | D:6      | Identified the +7 dagger "Enlyikh" {freeze, -Tele rElec
                  | Dex+6} (You found it on level 6 of the Dungeon)
  4482 | D:6      | Reached skill level 5 in Dodging
  4482 | D:6      | Reached skill level 9 in Unarmed Combat
  4541 | D:6      | Reached XP level 8. HP: 29/66 MP: 7/7
  4868 | D:6      | Reached skill level 10 in Unarmed Combat
  5151 | D:7      | Found an opulent altar of Gozag.
  5217 | D:7      | Found a staircase to the Ecumenical Temple.
  5247 | Temple   | Entered the Ecumenical Temple
  5266 | Temple   | Became a worshipper of Warmaster Okawaru
  5266 | Temple   | Reached * piety under Okawaru
  5266 | Temple   | Reached ** piety under Okawaru
  5389 | D:7      | Reached skill level 11 in Unarmed Combat
  6070 | D:8      | Found a white marble altar of Elyvilon.
  6081 | D:8      | Reached XP level 9. HP: 61/71 MP: 8/8
  6132 | D:7      | Reached skill level 12 in Unarmed Combat
  6370 | D:8      | Reached *** piety under Okawaru
  6954 | D:8      | Reached skill level 13 in Unarmed Combat
  7031 | D:8      | Found Sohy Egiasmo's Magic Scroll Shoppe.
  7038 | D:8      | Bought a scroll of blinking for 120 gold pieces
  7062 | D:8      | Found a burning altar of Makhleb.
  7062 | D:8      | Found a glowing silver altar of Zin.
  7063 | D:8      | Noticed an angel
  7063 | D:8      | Noticed an Executioner
  7121 | D:8      | Found a shimmering altar of Xom.
  7122 | D:8      | Found a shimmering altar of Xom.
  7122 | D:8      | Found a shimmering altar of Xom.
  7123 | D:8      | Found a shimmering altar of Xom.
  7123 | D:8      | Found a shimmering altar of Xom.
  7123 | D:8      | Found a shimmering altar of Xom.
  7124 | D:8      | Found a shimmering altar of Xom.
  7155 | D:8      | Found a sacrificial altar of Ru.
  7405 | D:9      | Found a staircase to the Lair.
  7571 | D:9      | Reached **** piety under Okawaru
  7571 | D:9      | Reached skill level 14 in Unarmed Combat
  7867 | D:9      | Reached XP level 10. HP: 78/79 MP: 3/9
  8127 | Lair:1   | Entered Level 1 of the Lair of Beasts
  8133 | Lair:1   | Reached skill level 5 in Fighting
  8206 | Lair:1   | Noticed a black mamba
  8505 | Lair:1   | Killed a black mamba
  8607 | Lair:1   | Noticed a spiny frog
  8667 | D:10     | Entered Level 10 of the Dungeon
  8667 | D:10     | Noticed Harold
  9000 | D:9      | Killed Harold
  9000 | D:9      | Reached ***** piety under Okawaru
  9326 | D:10     | Received a gift from Okawaru
  9327 | D:10     | Got a pair of scorched gloves {god gift}
  9328 | D:10     | Identified the +2 pair of gloves of the Manifold Dreams
                  | {-Tele rPois rC+ MR+++} (Okawaru gifted it to you on level
                  | 10 of the Dungeon)
  9436 | D:10     | Noticed Erolcha
  9436 | D:10     | Noticed a two-headed ogre
  9444 | D:10     | Killed Erolcha
  9444 | D:10     | Reached skill level 5 in Stealth
  9447 | D:10     | Killed a two-headed ogre
  9768 | D:10     | Reached XP level 11. HP: 71/92 MP: 10/10
  9798 | D:10     | Reached skill level 1 in Throwing
  9929 | D:10     | Noticed Maurice
 10490 | D:10     | Killed Maurice
 11552 | D:11     | Noticed a five-headed hydra
 11727 | D:11     | Killed a five-headed hydra
 12040 | D:11     | Received a gift from Okawaru
 12188 | D:11     | Found a runed translucent gate.
 12188 | D:11     | Found a runed translucent gate.
 12188 | D:11     | Found an opulent altar of Gozag.
 12189 | D:11     | Found a runed translucent gate.
 12190 | D:11     | Found Kithrual's Assorted Antiques.
 12191 | D:11     | Noticed kaisn's ghost (journeyman FoFi)
 12837 | Lair:1   | Noticed Erica
 12852 | Lair:1   | Killed Erica
 12852 | Lair:1   | Reached skill level 10 in Dodging
 12884 | Lair:1   | HP: 2/97 [spiny frog (20)]
 13570 | Lair:2   | Found a gate leading to a gauntlet.
 13579 | Gauntlet | Entered a Gauntlet
 13579 | Gauntlet | Found a transporter.
 13579 | Gauntlet | Found a transporter.
 13579 | Gauntlet | Found a transporter.
 13580 | Gauntlet | Found a transporter.
 13581 | Gauntlet | Found a transporter.
 13584 | Gauntlet | Found a transporter.
 13584 | Gauntlet | Noticed a harpy
 13588 | Gauntlet | Found a runed translucent door.
 13590 | Gauntlet | Found a runed translucent door.
 13592 | Gauntlet | Found a transporter.
 13593 | Gauntlet | Found a transporter.
 13594 | Gauntlet | Found a transporter.
 13595 | Gauntlet | Found a transporter.
 13597 | Gauntlet | Noticed a queen ant
 13601 | Gauntlet | Found a runed translucent gate.
 13603 | Gauntlet | Found a transporter.
 13604 | Gauntlet | Found a runed translucent gate.
 13604 | Gauntlet | Found a transporter.
 13605 | Gauntlet | Found a runed translucent gate.
 13691 | Gauntlet | Reached XP level 12. HP: 95/106 MP: 11/11
 13767 | Gauntlet | Killed a queen ant
 13777 | Gauntlet | Reached skill level 10 in Fighting
 13788 | Gauntlet | Got a wavering wooden ring
 13791 | Gauntlet | Noticed a reaper
 13812 | Gauntlet | Identified the ring of Izexot {rC+ rN+ Str-5 Dex+3} (You
                  | found it in a Gauntlet)
 14080 | Gauntlet | Reached skill level 1 in Armour
 14344 | Gauntlet | Noticed a minotaur
 14388 | Gauntlet | Killed a minotaur
 14388 | Gauntlet | Reached ****** piety under Okawaru
 14388 | Gauntlet | Reached skill level 1 in Evocations
 14428 | Gauntlet | Got an encrusted hand crossbow
 14428 | Gauntlet | Got a heavily jewelled robe
 14430 | Gauntlet | Identified the +9 hand crossbow of Ylyntauth {elec, rN+
                  | Int-3 Dex+3} (You found it in a Gauntlet)
 14737 | Lair:2   | Received a gift from Okawaru
 14863 | Lair:2   | Reached skill level 5 in Armour
 15026 | Lair:2   | Found a staircase to the Shoals.
 15182 | Lair:2   | Noticed Gargoyl's ghost (journeyman CeAK)
 15209 | Lair:2   | Found a runed translucent door.
 15596 | Lair:2   | Killed Gargoyl's ghost
 15862 | Lair:3   | Reached skill level 5 in Evocations
 16150 | Lair:3   | Received a gift from Okawaru
 16384 | Lair:3   | Found a hole to the Spider Nest.
 16656 | Lair:3   | Identified the cursed +1 robe of Darkness {rC+ Regen+
                  | Str+5} (You found it in a Gauntlet)
 16861 | Lair:4   | Noticed a five-headed hydra
 16872 | Lair:4   | Killed a five-headed hydra
 16872 | Lair:4   | Received a gift from Okawaru
 16877 | Lair:4   | Reached XP level 13. HP: 47/113 MP: 16/16
 17241 | Lair:4   | Received a gift from Okawaru
 17411 | Lair:4   | Reached skill level 1 in Invocations
 17739 | Lair:5   | Found a viscous altar of Jiyva.
 17739 | Lair:5   | Found a staircase to the Slime Pits.
 17936 | Lair:5   | Identified a +1 pair of boots of running (You found it on
                  | level 5 of the Lair of Beasts)
 18180 | Lair:5   | Reached skill level 10 in Armour
 18528 | Lair:6   | Entered Level 6 of the Lair of Beasts
 18682 | Lair:6   | Received a gift from Okawaru
 19211 | Lair:6   | HP: 1/169 [yak (13)]
 19212 | Lair:6   | Reached skill level 15 in Unarmed Combat
 19791 | Lair:6   | Received a gift from Okawaru
 19806 | Lair:6   | Got a brightly glowing short sword {god gift}
 19956 | Lair:6   | Reached XP level 14. HP: 121/121 MP: 18/18
 19982 | Lair:6   | Reached skill level 10 in Stealth
 20379 | Lair:6   | HP: 3/121 [spriggan rider/+0 spear (12)]
 20579 | Lair:6   | Reached skill level 16 in Unarmed Combat
 20873 | Lair:6   | Received a gift from Okawaru
 21078 | Lair:6   | Got a transparent hand crossbow
 21378 | Lair:6   | Identified a scroll of acquirement
 21379 | Lair:6   | Got a crude amethyst amulet
 21758 | D:11     | Killed kaisn's ghost
 21802 | D:11     | Bought a scroll labeled QIGESO YKOSUN for 27 gold pieces
 21803 | D:11     | Bought a scroll labeled FUAGEQ HALAESCH for 27 gold pieces
 21814 | D:11     | Bought a scroll of identify for 54 gold pieces
 21814 | D:11     | Identified the amulet "Koreip" {Reflect rElec rF- rN+++
                  | Slay+2 SH+6} (You acquired it on level 6 of the Lair of
                  | Beasts)
 21951 | D:12     | Found a staircase to the Orcish Mines.
 22004 | Orc:1    | Entered Level 1 of the Orcish Mines
 22006 | Orc:1    | Noticed Nergalle
 22022 | Orc:1    | Killed Nergalle
 22097 | Orc:1    | Noticed Josephine
 22109 | Orc:1    | Killed Josephine
 22515 | Orc:1    | Noticed Sonja
 22522 | Orc:1    | Noticed Sonja
 22522 | Orc:1    | Sonja changed into Sonja the human
 22529 | Orc:1    | Killed Sonja the human
 22529 | Orc:1    | Reached skill level 17 in Unarmed Combat
 22756 | Orc:2    | Entered Level 2 of the Orcish Mines
 22812 | Orc:2    | Found a radiant altar of Vehumet.
 22941 | Orc:2    | Found an ancient bone altar of Kikubaaqudgha.
 23076 | Orc:2    | Found Qoqupt's Distillery.
 23083 | Orc:2    | Bought a potion of heal wounds for 55 gold pieces
 23645 | Orc:2    | Found a roughly hewn altar of Beogh.
 23645 | Orc:2    | Found Egunyghi's Antique Weapon Shop.
 23670 | Orc:2    | Received a gift from Okawaru
 23684 | Orc:2    | Found Xorphang's Distillery.
 23693 | Orc:2    | Found Bupracwe's Book Boutique.
 23711 | Orc:2    | Bought a potion of heal wounds for 70 gold pieces
 23819 | Orc:2    | Noticed a stone giant
 23832 | Orc:2    | Killed a stone giant
 23840 | Orc:2    | Noticed Saint Roka
 24157 | Orc:2    | Found a staircase to the Elven Halls.
 24167 | Orc:2    | Reached XP level 15. HP: 126/126 MP: 19/19
 24249 | Orc:2    | Killed Saint Roka
 24778 | D:12     | Reached skill level 18 in Unarmed Combat
 25528 | D:13     | Found a gate to the Vaults.
 25651 | D:13     | Found an ancient bone altar of Kikubaaqudgha.
 25651 | D:13     | Found a bloodstained altar of Trog.
 25651 | D:13     | Found an ancient bone altar of Kikubaaqudgha.
 25651 | D:13     | Found an ancient bone altar of Kikubaaqudgha.
 26030 | D:13     | Received a gift from Okawaru
 26211 | D:13     | Got a clouded marble ring
 26216 | D:13     | Got a faintly glowing brass amulet
 27034 | D:14     | Reached skill level 19 in Unarmed Combat
 27169 | D:14     | Received a gift from Okawaru
 27775 | D:14     | Identified the ring of Traps {rElec rN+ MP+9 Str+4} (You
                  | found it on level 13 of the Dungeon)
 27777 | D:14     | Identified the amulet "Ucokarob" {Spirit rF++ Dex-2} (You
                  | found it on level 13 of the Dungeon)
 27978 | D:15     | Entered Level 15 of the Dungeon
 28456 | D:15     | Noticed Louise
 28483 | D:15     | Killed Louise
 28483 | D:15     | Reached XP level 16. HP: 110/139 MP: 20/20
 28694 | D:15     | Found a staircase to the Depths.
 28794 | D:15     | Received a gift from Okawaru
 28995 | D:15     | Found a runed translucent door.
 29001 | D:15     | Reached skill level 20 in Unarmed Combat
 29060 | D:15     | Noticed Obof's ghost (journeyman DDNe)
 29459 | Shoals:1 | Entered Level 1 of the Shoals
 29875 | Shoals:3 | Got a shadowed robe
 29909 | Shoals:1 | You fall into a shaft and drop 1 floor!
 30430 | Shoals:2 | Identified the +2 robe of Untruth {+Inv rElec Int+2 Slay+5}
                  | (You found it on level 3 of the Shoals)
 30914 | Shoals:2 | HP: 2/141 [merfolk/boomerang (16)]
 31399 | Shoals:2 | Found a runed translucent door.
 31869 | Shoals:3 | Got a faintly glowing platinum ring
 31870 | Shoals:3 | Identified the ring "Asowiej" {Ice rPois Int-5 Dex-4
                  | Stlth+} (You found it on level 3 of the Shoals)
 31891 | Shoals:4 | Entered Level 4 of the Shoals
 32065 | Shoals:3 | Noticed nocturnal's ghost (adept HaWr)
 32085 | Shoals:3 | Found a transporter.
 32097 | Shoals:3 | Found a transporter.
 33008 | Shoals:4 | Received a gift from Okawaru
 33014 | Shoals:4 | Got a crude halberd {god gift}
 33740 | Shoals:4 | Identified the Almanac of Cold and Aid
 33821 | Shoals:4 | Reached XP level 17. HP: 126/154 MP: 21/21
 33907 | Shoals:4 | HP: 5/154 [merfolk aquamancer/ball of steam (24)]
 33912 | Shoals:4 | Shot with a sling bullet by a satyr

Levels and vault maps discovered:
D:1:      evilmike_arrival_run_for_it, layout_rooms, minmay_unequal
D:2:      layout_basic, tso_metal_star, kennysheep_generic_room_4
D:3:      layout_loops_corners, tgw_fedhas, roderic_batcave
D:4:      layout_basic, kennysheep_vampire_church, minmay_misc_feat_diagonals,
          uniq_grinder
D:5:      layout_basic, first_ration, basic_altar, patterned_corridor,
          uniq_blork_the_orc
D:6:      layout_cave_pools
D:7:      layout_loops_ring, nicolae_gozag_seed_capital,
          minmay_temple_entry_drinking_statues, grunt_ministairs_13
D:8:      layout_rooms, grunt_temple_overflow_order_and_chaos_2,
          lemuel_round_altar, xom_redecorated, nicolae_ru_sacrificial_ziggurat,
          serial_shops, shop
D:9:      layout_long_grid, lair_entry_dummy, blue_anna_alchemist
          [blue_anna_fruit_fields, blue_anna_fruit_fields]
D:10:     layout_roguey, uniq_erolcha, uniq_maurice, uniq_harold
D:11:     layout_loops_corners, ebering_ghost_gozag
D:12:     layout_roguey, kennysheep_orc_monster_closet_entryway,
          serial_co_window_serial, co_window_paths_b,
          co_window_of_opportunity_a, co_window_corner_a, co_window_paths_a,
          co_window_paths_b, co_window_paths_a, co_window_corner_a,
          co_window_unsneaky_path_a, co_window_corner_ca, co_window_corner_b,
          co_window_unsneaky_path_c, co_window_corner_b, glass_columns_a,
          glass_columns_b, glass_columns_b, glass_columns_b
D:13:     minmay_the_grid_octo_2x2 [minmay_the_grid_octo_shrine,
          minmay_the_grid_octo_concentric, minmay_the_grid_octo_tetromino_candy,
          minmay_the_grid_octo_prize_square_snowflake], layout_cave_pods,
          lightli_vaults_fourway_checkpoint, nicolae_lava_and_water
D:14:     layout_irregular_city, chequers_serial_rivers_small_a,
          minmay_misc_feat_more_columns
D:15:     gammafunk_enter_depths_forms, layout_small_grid,
          ebering_ghost_inner_flame, hangedman_abyss_or_decor_stabs,
          minmay_diced_spiral, uniq_louise
Temple:   dshaligram_water_room_temple
Lair:1:   layout_regular_city, grunt_megastairs_4, uniq_erica
Lair:2:   regret_index_tunnel_blossom, layout_chaotic_city,
          minmay_shoals_entry_lonely_mermaid, hellmonk_ghost_happy_afterlife,
          gauntlet_entry_generic, serial_bayou_pond_d
Lair:3:   layout_gridlike, spider_nest_entry_a, grunt_megastairs_3
Lair:4:   layout_gridlike
Lair:5:   layout_roguey, slime_altar_1, cheibrodos_lair_caveside_slide,
          st_stairs_12, serial_bayou_pond_d, zaba_anthole, minivault_25
Lair:6:   minmay_lair_end_enchanted_forest, layout_cave_pods,
          chequers_serial_rivers_micro_a
Shoals:1: layout_shoals
Shoals:2: layout_shoals, lightli_airlock
Shoals:3: layout_shoals, gammafunk_ghost_arena
Shoals:4: shoals_end_hangedman, layout_shoals, uniq_polyphemus
Orc:1:    layout_caves, uniq_sonja, uniq_josephine, uniq_nergalle
Orc:2:    kennysheep_orc_mage_school, layout_diamond_mine, uniq_saint_roka

Skill      XL: |  1  2  3  4  5  6  7  8  9 10 11 12 13 14 15 16 |
---------------+-------------------------------------------------+-----
Unarmed Combat | 4 5 7 9 11 14 15 17 19 20 | 20.1
Fighting       | 4 7 9 10 11 14 | 14.9
Dodging        | 4 5 6 8 10 12 | 12.8
Stealth        | 5 8 9 11 12 | 12.1
Throwing       | 1 |  1.4
Armour         | 8 10 | 10.3
Evocations     | 6 7 |  7.0
Invocations    | 4 |  4.0

Action                   |  1- 3 |  4- 6 |  7- 9 | 10-12 | 13-15 | 16-18 || total
-------------------------+-------+-------+-------+-------+-------+-------++-------
Melee: Unarmed           |    83 |   104 |   305 |   621 |  1382 |   413 ||  2908
       Headbutt          |    12 |    22 |    63 |   133 |   360 |   124 ||   714
       Punch             |       |     3 |    14 |    43 |   145 |    55 ||   260
Throw: Javelin           |       |     1 |    11 |     2 |     7 |     3 ||    24
Invok: Heroism           |       |       |       |     1 |     1 |       ||     2
 Abil: Evoke Berserk Rag |       |       |       |     2 |     2 |       ||     4
Evoke: Wand              |       |       |     1 |    12 |    16 |    56 ||    85
  Use: Potion            |     1 |     2 |       |     8 |     8 |     5 ||    24
       Scroll            |     1 |       |    11 |    18 |    15 |    10 ||    55
 Stab: Sleeping          |     4 |     4 |     6 |    22 |    33 |    10 ||    79
       Paralysed         |       |       |       |     4 |       |       ||     4
       Confused          |       |       |       |     8 |       |       ||     8
       Distracted        |       |       |       |     5 |     5 |     2 ||    12
  Eat: Chunk             |     1 |     5 |    13 |    16 |    35 |    11 ||    81
       Ration            |       |       |     1 |     4 |     1 |     2 ||     8
Armor: Robe              |    22 |    23 |    26 |    59 |   210 |    32 ||   372
       Skin              |       |       |       |     4 |       |       ||     4
Dodge: Dodged            |    47 |    99 |   219 |   362 |   912 |   317 ||  1956
Block: Other             |       |       |       |       |   161 |    93 ||   254
       Reflection        |       |       |       |       |     3 |    13 ||    16

Table legend:
 A = Non-vault XP
 B = Vault XP
 C = Vault XP percentage of total XP
 D = Non-vault monster count
 E = Vault monster count
 F = Vault count percentage of total count
                 A         B        C        D         E       F
            +---------+---------+-------+---------+---------+-------
      Total |  141917 |   79956 |  36.0 |     743 |     297 |  28.6
            +---------+---------+-------+---------+---------+-------
        D:1 |      19 |      11 |  36.7 |      10 |       4 |  28.6
        D:2 |      87 |       1 |   1.1 |      28 |       1 |   3.4
        D:3 |      39 |      72 |  64.9 |      18 |      10 |  35.7
        D:4 |     204 |     364 |  64.1 |      11 |       8 |  42.1
        D:5 |     168 |     100 |  37.3 |      14 |       1 |   6.7
        D:6 |     721 |       0 |   0.0 |      17 |       0 |   0.0
        D:7 |    1220 |      71 |   5.5 |      33 |       1 |   2.9
        D:8 |    1491 |       0 |   0.0 |      24 |       0 |   0.0
        D:9 |    1343 |    1092 |  44.8 |      32 |       2 |   5.9
       D:10 |    4740 |    1321 |  21.8 |      29 |       2 |   6.5
       D:11 |    3961 |    1789 |  31.1 |      46 |       5 |   9.8
       D:12 |    5448 |    1998 |  26.8 |      39 |      20 |  33.9
       D:13 |    6589 |   13069 |  66.5 |      31 |      28 |  47.5
       D:14 |   15283 |       0 |   0.0 |      45 |       0 |   0.0
       D:15 |    8850 |    8813 |  49.9 |      32 |      15 |  31.9
     Lair:1 |    2407 |    1230 |  33.8 |      10 |       3 |  23.1
     Lair:2 |    1728 |    5820 |  77.1 |      10 |      47 |  82.5
     Lair:3 |    2483 |    2286 |  47.9 |       8 |      11 |  57.9
     Lair:4 |    5930 |       0 |   0.0 |      27 |       0 |   0.0
     Lair:5 |    8333 |    1272 |  13.2 |      28 |      10 |  26.3
     Lair:6 |   18306 |    7923 |  30.2 |      65 |      42 |  39.3
   Shoals:1 |    9910 |       0 |   0.0 |      21 |       0 |   0.0
   Shoals:2 |    8308 |       0 |   0.0 |      18 |       0 |   0.0
   Shoals:3 |    4788 |       0 |   0.0 |      11 |       0 |   0.0
   Shoals:4 |   20611 |   13217 |  39.1 |      41 |      26 |  38.8
      Orc:1 |    3424 |    3060 |  47.2 |      51 |       8 |  13.6
      Orc:2 |    5526 |   12575 |  69.5 |      44 |      43 |  49.4
   Gauntlet |       0 |    3872 | 100.0 |       0 |      10 | 100.0
            +---------+---------+-------+---------+---------+-------
